 Dungeon Crawl Stone Soup version 0.29.1-15-g9cfb28693d (webtiles) character file.

Game seed: 11521355783582868986

252 leafyfresh the Covert (level 6, 0/44 HPs)
             Began as an Octopode Delver on Mar 5, 2023.
             Slain by a black bear (8 damage)
             ... on level 4 of the Dungeon.
             The game lasted 00:00:52 (903 turns).

leafyfresh the Covert (Octopode Delver)              Turns: 903, Time: 00:00:53

Health: 0/44       AC:  1    Str: 12    XL:     6   Next: 14%
Magic:  6/6        EV: 14    Int: 14    God:
Gold:   0          SH:  0    Dex: 13    Spells: 5/5 levels left

rFire   . . .      SeeInvis .   a - +0 short sword
rCold   . . .      Faith    .   (no shield)
rNeg    . . .      Spirit   .   (helmet restricted)
rPois   .          Reflect  .   (no amulet)
rElec   .          Harm     .   h - ring of willpower
rCorr   .          Rampage  .   (no ring)
Will    +....                   (no ring)
Stlth   +++++.....              (no ring)
HPRegen 0.14/turn               (no ring)
MPRegen 0.10/turn               (no ring)
                                (no ring)
                                (no ring)

@: no status effects
A: almost no armour, amphibious, 8 rings, camouflage 1, gelatinous body 1,
(nimble swimmer 1), tentacles
a: no special abilities


You were on level 4 of the Dungeon.
You visited 1 branch of the dungeon, and saw 2 of its levels.

Inventory:

Hand Weapons
 a - a +0 short sword (weapon)
Jewellery
 h - a ring of willpower (left tentacle)
Wands
 f - a wand of digging (3)
 j - a wand of paralysis (6)
Scrolls
 b - a scroll of fog
 c - a scroll of magic mapping
 d - a scroll of fear
 g - a scroll of identify {unknown}
Potions
 e - a potion of haste
 i - a potion of mutation {unknown}


   Skills:
 + Level 4.5 Fighting
 - Level 2.0 Short Blades
 + Level 3.9 Dodging
 + Level 8.3 Stealth


You had 5 spell levels left.
You didn't know any spells.
Your spell library was empty.

Dungeon Overview and Level Annotations

Branches:
Dungeon (5/15)
 Temple: D:4-7

Altars:


Innate Abilities, Weirdness & Mutations

You cannot wear most types of armour.
You are amphibious.
You can wear up to eight rings at the same time.
Your skin changes colour to match your surroundings (Stealth+).
Your rubbery body absorbs attacks. (AC +1, EV +1)
((You are camouflaged when in or above water. (Stealth+)))
You have tentacles for arms and can constrict up to eight enemies at once.


Message History

A black bear is nearby!
A black bear is nearby!
Items here: ( ) [ †.
The black bear growls angrily.
The hobgoblin shouts!
The hobgoblin closely misses you.
You hear a shout! x2
You hit the hobgoblin. Your grab misses the hobgoblin.
The hobgoblin is lightly wounded.
The hobgoblin closely misses you.
You hit the hobgoblin. Your grab misses the hobgoblin.
You squeeze the hobgoblin.
You kill the hobgoblin!
The black bear bites you! The black bear claws you.
The black bear closely misses you.
Unknown command.
You hit the black bear but do no damage.
You grab the black bear. You constrict the black bear.
The black bear misses you. The black bear closely misses you.
The black bear claws you.
You barely miss the black bear.
The black bear is lightly wounded.
You constrict the black bear, but do no damage.
A gnoll comes into view. It is wielding a +0 flail.
The black bear completely misses you. The black bear claws you. x2
* * * LOW HITPOINT WARNING * * *
You hit the black bear.
The black bear is moderately wounded.
You constrict the black bear. The black bear barely misses you.
The black bear closely misses you. x2
You hit the black bear.
The black bear is heavily wounded.
You constrict the black bear. The black bear bites you.
* * * LOW HITPOINT WARNING * * *
The black bear closely misses you. The black bear claws you.
* * * LOW HITPOINT WARNING * * *
You hit the black bear.
The black bear is heavily wounded.
You constrict the black bear. The gnoll barely misses you.
The black bear bites you!
You die...

..## ##..# # .. #..#
#...#. # # .#h.. ##.##
##.....'.#.#)#.Jg
##..###...# #.#..#.#..#
........# #.##.....#
###...#######..###'###..#
###......##..........#
#..###..).##g.###.## #
##..####.###@## # . ##..#
#...)h.# . #.. ######..#
#.. #.# ### ... .#..
..... ## . .## .# .


You could see a black bear and a gnoll.

Vanquished Creatures
  A black bear (D:4)
  A scorpion (D:4)
  A hound (D:4)
  An iguana (D:4)
  Natasha (D:4)
  An adder (D:4)
  2 orcs (D:4)
  2 hobgoblins (D:4)
  3 kobolds (D:4)
13 creatures vanquished.

Notes
Turn   | Place    | Note
-------+----------+-------------------------------------------
     0 | D:5      | leafyfresh the Octopode Delver began the quest for the Orb.
     0 | D:5      | Reached XP level 1. HP: 16/16 MP: 1/1
    33 | D:4      | Reached XP level 2. HP: 11/21 MP: 2/2
    46 | D:4      | Reached skill level 7 in Stealth
    46 | D:4      | Reached XP level 3. HP: 2/26 MP: 3/3
   378 | D:4      | Reached XP level 4. HP: 19/33 MP: 4/4
   508 | D:4      | Noticed Natasha
   510 | D:4      | Noticed a black bear
   515 | D:4      | Killed Natasha
   523 | D:4      | Killed a black bear
   524 | D:4      | Reached skill level 8 in Stealth
   524 | D:4      | Reached XP level 5. HP: 21/37 MP: 5/5
   823 | D:4      | Noticed a black bear
   834 | D:4      | Reached XP level 6. HP: 23/44 MP: 6/6
   903 | D:4      | Slain by a black bear

Illustrated notes

Levels and vault maps discovered:
D:4:      layout_rooms, nicolae_qazlal_scattered_showers, minmay_box_of_dots,
          uniq_natasha
D:5:      layout_rooms, kennysheep_mini

Skill      XL: |  1  2  3  4 |
---------------+-------------+-----
Stealth        | 7 8 |  8.3
Dodging        | 3 |  3.9
Fighting       | 4 |  4.5
Short Blades   | |  2.0

Action                   |  1- 3 |  4- 6 || total
-------------------------+-------+-------++-------
Melee: Short sword       |    18 |    26 ||    44
       Constrict         |     5 |     5 ||    10
       Tentacles         |     4 |     6 ||    10
 Stab: Sleeping          |     2 |     2 ||     4
Armor: Skin              |       |     1 ||     1
Dodge: Dodged            |    13 |    30 ||    43
